 Dungeon Crawl Stone Soup version 0.19-a0-607-g42021f0 (webtiles) character file.

26505 hypermopl the Fencer (level 12, -2/87 HPs)
             Began as a High Elf Fighter on June 12, 2016.
             Was an Elder of Zin.
             Slain by a black mamba (6 damage)
             ... on level 1 of the Lair of Beasts.
             The game lasted 00:43:56 (22240 turns).

hypermopl the Fencer (High Elf Fighter)            Turns: 22240, Time: 00:43:57

Health: -2/87      AC: 20    Str: 28    XL:     12   Next: 98%
Magic:  19/19      EV: 11    Int: 18    God:    Zin [****..]
Gold:   647        SH:  0    Dex: 21    Spells: 0 memorised, 11 levels left

rFire  + . .     SeeInvis .     a - +1 great sword (holy)
rCold  . . .     Gourm    .     B - +0 plate armour
rNeg   . . .     Faith    .     (shield currently unavailable)
rPois  ∞         Spirit   .     r - +0 helmet
rElec  .         Dismiss  .     N - +1 cloak of the Realm of Zot {*Corrode Str+7}
rCorr  .         Reflect  .     E - +0 pair of gloves
SustAt .         Harm     .     C - +0 pair of boots
MR     +....                    W - amulet of magic regeneration
Stlth  ..........               l - +3 ring of dexterity
                                D - ring of protection from fire

@: vitalised, somewhat resistant to hostile enchantments, extremely unstealthy
A: no striking features
a: Recite, Vitalisation, Imprison, Donate Gold, Renounce Religion


You were on level 1 of the Lair of Beasts.
You worshipped Zin.
Zin was greatly pleased with you.
You were not hungry.

You visited 3 branches of the dungeon, and saw 15 of its levels.
You also visited: Ice Cave.

You collected 718 gold pieces.
You donated 71 gold pieces to Zin.

Inventory:

Hand Weapons
 a - a +1 great sword of holy wrath (weapon)
 b - a +2 longbow of flaming
 A - the +10 war axe of Linearity {freeze, rF+ Dex+4}
   (You took it off a necromancer in an ice cave)

   It has been specially enchanted to freeze those struck by it, causing extra
   injury to most foes and up to half again as much damage against particularly
   susceptible opponents.
   It can also slow down cold-blooded creatures.
   It affects your dexterity (+4).
   It protects you from fire.
 J - a +0 long sword
Missiles
 G - 3 javelins (quivered)
 H - 2 tomahawks
 O - 210 arrows
Armour
 j - a +0 hat of intelligence
 r - a +0 helmet (worn)
 B - a +0 plate armour (worn)
 C - a +0 pair of boots (worn)
 E - a +0 pair of gloves (worn)
 L - the +1 leather armour of Noon {rElec rPois rF- rC+++}
   (You found it on level 10 of the Dungeon)

   It makes you vulnerable to fire.
   It renders you almost immune to cold.
   It insulates you from electricity.
   It protects you from poison.
 N - the +1 cloak of the Realm of Zot (worn) {*Corrode Str+7}
   (You found it on level 10 of the Dungeon)

   It affects your strength (+7).
   It may corrode you when you take damage.
Jewellery
 l - a +3 ring of dexterity (right hand)
 D - a ring of protection from fire (left hand)
 P - an uncursed ring of see invisible
 W - an amulet of magic regeneration (around neck)
Wands
 v - a wand of enslavement (16/24)
 F - a wand of hasting (1/9)
 I - a wand of paralysis (0/24)
 S - a wand of flame (27/48)
 T - a wand of confusion (37/48)
 U - a wand of lightning (4/15)
Scrolls
 d - 2 scrolls of blinking {unknown}
 e - a scroll of silence {unknown}
 g - 2 scrolls of fear {unknown}
 n - 2 scrolls of immolation {!r}
 o - 3 scrolls of fog
 q - a scroll of enchant armour {unknown}
 s - a scroll of amnesia {unknown}
 t - a scroll of torment {unknown}
 y - 5 scrolls of remove curse
 z - 2 scrolls of recharging
 M - 2 scrolls of enchant weapon
Potions
 h - 2 potions of curing
 i - 4 potions of flight
 k - 2 potions of brilliance
 m - 2 potions of haste
 u - 2 potions of cure mutation {!q}
Books
 x - a book of Frost

   Spells                             Type                      Level
   a - Freeze                         Ice                          1
   b - Throw Frost                    Conjuration/Ice              2
   c - Ozocubu's Armour               Charms/Ice                   3
   d - Throw Icicle                   Conjuration/Ice              4
   e - Summon Ice Beast               Ice/Summoning                4
Comestibles
 c - 9 fruits
 f - 13 bread rations
 p - 2 meat rations
 K - a royal jelly


   Skills:
 + Level 10.1 Fighting
 * Level 16.0 Long Blades
 * Level 6.6 Bows
 + Level 8.9 Armour
 - Level 5.3 Dodging
   Level 2.6 Shields
 + Level 8.9 Invocations


You had 11 spell levels left.
You didn't know any spells.

Dungeon Overview and Level Annotations

Branches:
Dungeon (10/15)            Temple (1/1) D:4            Lair (4/6) D:9
  Swamp (0/4) Lair:2        Snake (0/4) Lair:3
    Orc: D:9-12

Altars:
Ashenzari
Cheibriados
Dithmenos
Elyvilon
Fedhas
Gozag
Hepliaklqana
Kikubaaqudgha
Makhleb
Nemelex Xobeh
Okawaru
Pakellas
Qazlal
Ru
Sif Muna
Trog
Uskayaw
Vehumet
Xom
Yredelemnul
Zin
The Shining One

Annotations:
D:8 exclusion: upstairs
D:10 Nergalle
Lair:3 tstbtto's ghost, journeyman CeGl


Message History

You climb upwards.
There is a stone staircase leading down here.
Unknown command.
Unknown command.
Unknown command.
Unknown command.
Unknown command.
Unknown command.
Unknown command.
The black mamba barely misses you. The black mamba bites you!
* * * LOW HITPOINT WARNING * * *
The black mamba bites you!
* * * LOW HITPOINT WARNING * * *
Your divine stamina protects you from poison!
The black mamba bites you.
* * * LOW HITPOINT WARNING * * *
You hit the black mamba.
The black mamba is heavily wounded.
The black mamba bites you.
You die...

#.#††#...8...8............## #
####.#..#..........##..###..#.##
^....##.........##.#....###..#.##
(..[..#.....#.###....##.#...##...
####..####.........###...........
# ##...####......#.######........
#..[..#####...#...# ##........
##......#.##...##..####........P
#..............@#.Y#P#..........
#..........8.8.8S#..............
#.........#..)..Y..>.....P.P....
#....(....##.8..#...#...........
#..........##.#####.............
##...........### #.............
#...........## ##............
.....#.....## ##............
.....######.# ######..........P..


You could see a black mamba and a sheep.

Vanquished Creatures
  Gastronok (Lair:2)
  Fannar (Lair:1)
  4 death yaks
  A necromancer (IceCv)
  A griffon (Lair:3)
  3 oklob plants (Lair:1)
  Joseph (Lair:1)
  2 black mambas
  4 ice statues (IceCv)
  Psyche (D:8)
  2 spiny frogs (Lair:1)
  2 torpor snails (Lair:2)
  A rime drake (Lair:3)
  2 komodo dragons (Lair:1)
  6 ice devils (IceCv)
  2 trolls (D:9)
  A polar bear (Lair:2)
  7 blink frogs (Lair:3)
  Grinder (D:6)
  2 spriggans
  A wyvern (D:9)
  Sigmund (D:3)
  Eustachio (D:4)
  14 yaks
  Menkaure (D:6)
  2 hippogriffs
  5 vampire mosquitoes
  6 water moccasins
  Duvessa (D:6)
  4 porcupines
  2 hell hounds (D:9)
  A sky beast (D:8)
  3 orc warriors
  A wasp (Lair:2)
  10 ice beasts
  2 phantoms
  The ghost of tstbtto the Poker, an amateur CeGl of Trog (D:3)
  2 ogres
  4 centaurs
  4 crocodiles (Lair:1)
  Blork the orc (D:7)
  11 giant frogs
  Dowan (D:6)
  A water moccasin skeleton (D:7)
  4 scorpions
  A vampire bat (D:8)
  5 killer bees (D:9)
  2 howler monkeys
  A centaur zombie (D:7)
  2 crimson imps
  A giant frog zombie (D:9)
  A quasit (D:9)
  2 draconian simulacra (IceCv)
  A giant frog skeleton (D:8)
  8 orc priests
  7 hounds
  3 jellies
  5 iguanas
  6 orc wizards
  9 worker ants
  3 troll simulacra (IceCv)
  A killer bee zombie (D:9)
  A spriggan simulacrum (IceCv)
  21 sheep
  A centaur simulacrum (IceCv)
  2 hound skeletons
  A howler monkey zombie (D:6)
  A worker ant zombie (D:6)
  Robin (D:4)
  7 gnolls (D:4)
  14 adders
  53 river rats
  A howler monkey skeleton (D:4)
  2 naga simulacra (IceCv)
  An ogre simulacrum (IceCv)
  2 shadow imps
  3 oozes
  3 worms
  4 dart slugs
  8 giant geckos
  26 orcs
  17 bats
  3 giant cockroaches
  18 goblins
  6 hobgoblins
  12 jackals
  6 quokkas
  4 ball pythons
  A giant gecko skeleton (D:6)
  10 giant newts
  16 kobolds
  9 rats
  3 plants (Lair:1)
444 creatures vanquished.

Vanquished Creatures (others)
  2 giant frogs (D:6)
  6 fungi
  3 plants
11 creatures vanquished.

Grand Total: 455 creatures vanquished

Notes
Turn   | Place    | Note
--------------------------------------------------------------
     0 | D:1      | hypermopl the High Elf Fighter began the quest for the Orb.
     0 | D:1      | Reached XP level 1. HP: 16/16 MP: 2/2
    47 | D:1      | Reached skill level 3 in Long Blades
   331 | D:1      | Reached XP level 2. HP: 18/21 MP: 3/3
   518 | D:1      | Reached skill level 4 in Long Blades
   589 | D:1      | Reached XP level 3. HP: 13/26 MP: 4/4
   964 | D:1      | Noticed an ogre
   974 | D:1      | Killed an ogre
   974 | D:1      | Reached skill level 6 in Long Blades
   974 | D:1      | Reached XP level 4. HP: 16/31 MP: 5/5
  1332 | D:2      | Found a glowing golden altar of the Shining One.
  1631 | D:2      | Reached XP level 5. HP: 24/36 MP: 6/6
  2520 | D:2      | Became a worshipper of the Shining One
  2574 | D:3      | Reached skill level 7 in Long Blades
  2693 | D:3      | Found a burning altar of Makhleb.
  2698 | D:3      | Found an ancient bone altar of Kikubaaqudgha.
  2785 | D:3      | Reached skill level 1 in Invocations
  2895 | D:3      | Noticed Sigmund
  2901 | D:3      | Killed Sigmund
  2901 | D:3      | Reached skill level 8 in Long Blades
  2901 | D:3      | Reached skill level 2 in Invocations
  2901 | D:3      | Reached XP level 6. HP: 42/42 MP: 6/8
  3086 | D:3      | Noticed tstbtto's ghost (amateur CeGl)
  3095 | D:3      | Killed tstbtto's ghost
  3225 | D:3      | Found a hide-covered altar of Uskayaw.
  3226 | D:3      | Noticed a dagger
  3226 | D:3      | Noticed a dagger
  3315 | D:3      | Reached XP level 7. HP: 41/46 MP: 10/10
  3802 | D:4      | Noticed Eustachio
  3848 | D:4      | Killed Eustachio
  3848 | D:4      | Reached * piety under the Shining One
  3848 | D:4      | Reached skill level 9 in Long Blades
  3848 | D:4      | Reached skill level 3 in Invocations
  4122 | D:4      | Noticed Robin
  4263 | D:4      | Killed Robin
  4280 | D:4      | Found a staircase to the Ecumenical Temple.
  4302 | D:4      | Reached skill level 4 in Invocations
  4638 | D:4      | Reached skill level 10 in Long Blades
  4638 | D:4      | Reached XP level 8. HP: 20/52 MP: 12/12
  4915 | D:4      | Reached skill level 3 in Armour
  5394 | Temple   | Entered the Ecumenical Temple
  5446 | Temple   | Fell from the grace of the Shining One
  5446 | Temple   | Became a worshipper of Zin the Law-Giver
  5446 | Temple   | Reached * piety under Zin
  5567 | D:5      | Entered Level 5 of the Dungeon
  5680 | D:5      | Reached ** piety under Zin
  6312 | D:6      | Reached skill level 4 in Fighting
  6363 | D:6      | Noticed Duvessa
  6363 | D:6      | Noticed Dowan
  6382 | D:6      | Killed Duvessa
  6382 | D:6      | Reached skill level 11 in Long Blades
  6414 | D:6      | Killed Dowan
  6414 | D:6      | Reached skill level 4 in Armour
  6654 | D:6      | Noticed Blork the orc
  6665 | D:6      | HP: 1/54 [orc priest/divine providence (10)]
  6669 | D:6      | Noticed Menkaure
  6691 | D:7      | HP: 2/54 [Blork the orc/hand axe (7)]
  6693 | D:7      | Killed Blork the orc
  7102 | D:6      | Reached XP level 9. HP: 51/60 MP: 13/13
  7276 | D:6      | Killed Menkaure
  7347 | D:6      | Reached skill level 5 in Fighting
  7420 | D:6      | Reached *** piety under Zin
  7443 | D:6      | Noticed Grinder
  7472 | D:6      | Killed Grinder
  7472 | D:6      | Reached skill level 12 in Long Blades
  9050 | D:7      | Reached skill level 5 in Armour
  9511 | D:8      | Reached skill level 6 in Fighting
  9693 | D:8      | Reached **** piety under Zin
  9814 | D:8      | Noticed Psyche
  9820 | D:8      | Paralysed by Psyche for 2 turns
  9826 | D:8      | Killed Psyche
  9826 | D:8      | Reached skill level 13 in Long Blades
  9927 | D:8      | Reached XP level 10. HP: 65/69 MP: 14/14
  9988 | D:7      | Noticed a fire crab
  9988 | D:7      | Noticed a hill giant
 10883 | D:9      | Found an iron altar of Okawaru.
 11066 | D:9      | Found a staircase to the Lair.
 11129 | D:9      | Reached skill level 7 in Fighting
 11158 | D:9      | Reached skill level 6 in Armour
 11167 | D:9      | Reached skill level 14 in Long Blades
 11427 | D:9      | Reached skill level 1 in Dodging
 11705 | D:8      | Reached skill level 2 in Dodging
 11831 | D:9      | Reached skill level 5 in Invocations
 12185 | D:10     | Entered Level 10 of the Dungeon
 12263 | D:10     | Got a distressingly furry leather armour
 12291 | D:10     | Noticed Nergalle
 12298 | D:10     | Noticed a hill giant
 12308 | D:10     | Got a warped cloak
 12327 | D:10     | Zin protects you from harm!
 12587 | D:9      | Identified the +1 cloak of the Realm of Zot {*Corrode Str+7} (You found it on level 10 of the Dungeon)
 12598 | D:9      | Identified the +1 leather armour of Noon {rElec rPois rF- rC+++} (You found it on level 10 of the Dungeon)
 12662 | Lair:1   | Entered Level 1 of the Lair of Beasts
 12662 | Lair:1   | Noticed a spiny frog
 12673 | Lair:1   | Killed a spiny frog
 12673 | Lair:1   | Reached skill level 3 in Dodging
 12692 | Lair:1   | Found a frozen archway.
 12816 | Lair:1   | Reached XP level 11. HP: 62/77 MP: 16/16
 12834 | IceCv    | Entered an ice cave
 12872 | IceCv    | Reached skill level 8 in Fighting
 12872 | IceCv    | Reached skill level 7 in Armour
 13149 | IceCv    | Reached skill level 4 in Dodging
 13149 | IceCv    | Reached skill level 6 in Invocations
 13991 | IceCv    | Zin protects you from harm!
 14051 | IceCv    | Noticed a necromancer
 14280 | IceCv    | Killed a necromancer
 14280 | IceCv    | Reached skill level 5 in Dodging
 14285 | IceCv    | Got a fine war axe {freeze}
 14286 | IceCv    | Identified the +10 war axe of Linearity {freeze, rF+ Dex+4} (You took it off a necromancer in an ice cave)
 15790 | Lair:1   | Reached skill level 7 in Invocations
 15930 | Lair:1   | Reached skill level 1 in Bows
 16206 | Lair:1   | Noticed Joseph
 16237 | Lair:1   | Killed Joseph
 16291 | Lair:1   | Reached skill level 2 in Bows
 16643 | Lair:1   | Noticed Fannar
 17192 | Lair:2   | Reached skill level 8 in Armour
 17201 | Lair:2   | Reached skill level 9 in Fighting
 17219 | Lair:2   | Reached skill level 3 in Bows
 17503 | Lair:2   | Noticed Gastronok
 17706 | Lair:2   | Noticed a death yak
 17911 | Lair:1   | Killed Fannar
 17945 | Lair:1   | Reached XP level 12. HP: 28/85 MP: 18/18
 18967 | Lair:2   | Found a staircase to the Swamp.
 19048 | Lair:2   | Reached skill level 15 in Long Blades
 19304 | Lair:2   | Identified a scroll of acquirement
 19326 | Lair:2   | Killed Gastronok
 19326 | Lair:2   | Reached skill level 4 in Bows
 19326 | Lair:2   | Reached skill level 8 in Invocations
 20596 | Lair:3   | Reached skill level 5 in Bows
 20622 | Lair:3   | Noticed a seven-headed hydra
 20806 | Lair:3   | Found a staircase to the Snake Pit.
 20844 | Lair:3   | Noticed tstbtto's ghost (journeyman CeGl)
 21677 | Lair:2   | Noticed a death yak
 21724 | Lair:1   | Killed a death yak
 21724 | Lair:1   | Reached skill level 10 in Fighting
 21974 | Lair:2   | Reached skill level 6 in Bows
 22025 | Lair:2   | Noticed a death yak
 22027 | Lair:2   | Noticed a death yak
 22028 | Lair:2   | Noticed a death yak
 22029 | Lair:2   | Noticed a death yak
 22037 | Lair:2   | Killed a death yak
 22046 | Lair:2   | Killed a death yak
 22046 | Lair:2   | Reached skill level 16 in Long Blades
 22058 | Lair:2   | Killed a death yak
 22239 | Lair:1   | HP: 4/87 [black mamba (4)]
 22240 | Lair:1   | Slain by a black mamba

Vault maps used:
D:1:      onia_arrival_pyramid
D:2:      forest_paths, tso_metal_star
D:3:      dancing_weapons_uskayaw, grunt_temple_overflow_open,
          minmay_close_crescents, uniq_sigmund
D:4:      temple_statues, uniq_robin, uniq_eustachio
D:5:      first_bread, dk_noncrumbling_2
D:6:      lemuel_old_faithful, uniq_blork_the_orc, uniq_grinder, uniq_menkaure,
          uniq_duvessa
D:7:      minmay_klotski
D:8:      the_bakery, roderic_batcave, uniq_psyche
D:9:      minmay_lair_entry_lava, basic_altar, minmay_misc_feat_square
D:10:     hiddenorc1_lemuel, uniq_nergalle
Temple:   grunt_circular_temple_18
Lair:1:   minmay_lair_oklob_tunnel, portal_ice_cave_entry_ice_beasts,
          grunt_megastairs_2, lemuel_fruit_fields, uniq_joseph, uniq_fannar
Lair:2:   minmay_swamp_entry_swarm, grunt_forest_large_clearings, uniq_erica,
          uniq_gastronok
Lair:3:   dummy_snake_entry
IceCv:    ice_cave_tombish

Skill      XL: |  1  2  3  4  5  6  7  8  9 10 11 12 |
---------------+-------------------------------------+-----
Long Blades    | 3 4 6 8 10 11 13 14 16 | 16.0
Invocations    | 2 4 5 7 8 |  8.9
Armour         | 4 5 6 8 |  8.9
Fighting       | 4 6 7 9 10 | 10.1
Dodging        | 3 5 |  5.3
Bows           | 3 6 |  6.6
Shields        | |  2.6

Action                   |  1- 3 |  4- 6 |  7- 9 | 10-12 || total
-------------------------+-------+-------+-------+-------++-------
Melee: Long sword        |    93 |   227 |   710 |   522 ||  1552
       Falchion          |       |       |    15 |   117 ||   132
       Great sword       |       |       |       |   624 ||   624
 Fire: Longbow           |       |       |       |     9 ||     9
Throw: Javelin           |       |       |     2 |     3 ||     5
Invok: Recite            |       |       |    11 |    11 ||    22
       Vitalisation      |       |       |     2 |    22 ||    24
Evoke: Wand              |       |       |       |     7 ||     7
  Use: Potion            |     1 |     1 |     2 |     6 ||    10
       Scroll            |       |       |     6 |    17 ||    23
 Stab: Paralysed         |       |       |       |    10 ||    10
  Eat: Chunk             |       |     8 |    22 |    32 ||    62
       Beef jerky        |       |       |       |     4 ||     4
       Royal jelly       |       |       |       |     1 ||     1
       Pizza             |       |       |       |     1 ||     1
Armor: Scale mail        |    45 |    85 |       |       ||   130
       Chain mail        |       |    14 |   495 |   123 ||   632
       Leather armour    |       |       |       |   112 ||   112
       Plate armour      |       |       |       |   265 ||   265
       Skin              |       |       |       |     1 ||     1
Dodge: Dodged            |    30 |    48 |   122 |   421 ||   621
Block: Shield            |    53 |   104 |   335 |   228 ||   720
